AoeStats
← Big Tiozao

MegaRandom

510180896Analyzed
4v4 RM · 15h ago on Sep 29, 2026· 29m 51s· 8 players
Game mode
Random Map
Map size
Large (8 player)
Population
200
Speed
Normal
Resources
Standard
Victory
Conquest
Starting age
Dark Age
Ending age
Imperial Age
RankedLock teamsTeams togetherTeam positionsShared explorationLock speedFull tech treeHidden civsTurbo modeCheats
Victory
Defeat
🇩🇪 Turks · Germany
1137
+13
🇨🇿 Franks · Czechia
1031
+18
🇧🇷 Spanish · Brazil
961
+20
🇺🇸 Mongols · United States
947
+21
🇫🇷 Mapuche · France
1085
-19
🇩🇪 Romans · Germany
1068
-18
🇰🇿 Ethiopians · Kazakhstan
1063
-18
🇬🇧 Slavs · United Kingdom
1046
-17
IceCube
0:54 Loom
0:59 Loom
9:46 Feudal Age
11:20 Loom
11:26 Double-Bit Axe
14:16 Castle Age
13:32 Horse Collar
14:52 Fletching
14:54 Crossbowman
16:05 Gold Mining
17:20 Bodkin Arrow
24:41 Ballistics
gombert.alexandre
2:15 Loom
11:37 Feudal Age
12:11 Double-Bit Axe
18:48 Castle Age
17:07 Fletching
17:45 Stone Mining
23:01 Forging
26:07 Iron Casting
leonardodavinx
11:18 Feudal Age
9:37 Loom
11:23 Feudal Age
17:23 Castle Age
15:42 Double-Bit Axe
15:56 Gold Mining
16:12 Scale Mail Armor
16:23 Forging
16:09 Horse Collar
16:24 Stone Mining
19:24 Bow Saw
23:37 Man-at-Arms
24:26 Long Swordsman
StinkyNewt
0:33 Loom
9:51 Feudal Age
11:54 Double-Bit Axe
14:54 Castle Age
13:39 Stone Mining
21:40 Detinets
21:33 Horse Collar
22:07 Bow Saw
22:14 Scale Barding Armor
23:00 Husbandry
24:42 Fletching
25:27 Bloodlines
25:15 Pikeman
Sir Swinag
9:13 Feudal Age
13:09 Double-Bit Axe
15:46 Castle Age
15:16 Gold Mining
15:09 Horse Collar
15:26 Stone Mining
17:02 Bow Saw
16:53 Heavy Plow
17:30 Gold Shaft Mining
21:25 Padded Archer Armor
VTrenkachMravenci
0:42 Loom
8:39 Feudal Age
9:32 Feudal Age
15:09 Castle Age
13:04 Double-Bit Axe
14:47 Scale Barding Armor
15:44 Forging
17:17 Bow Saw
17:38 Husbandry
19:59 Gold Mining
21:11 Wheelbarrow
30:06 Chain Barding Armor
Alcatraz
0:30 Loom
8:48 Feudal Age
9:52 Double-Bit Axe
14:33 Castle Age
15:42 Bow Saw
15:48 Fletching
15:59 Padded Archer Armor
17:32 Bloodlines
18:09 Husbandry
19:12 Light Cavalry
23:18 Horse Collar
25:36 Bodkin Arrow
25:47 Scale Barding Armor
25:52 Forging
30:04 Wheelbarrow
Big Tiozao
0:35 Loom
9:11 Feudal Age
10:22 Double-Bit Axe
15:05 Castle Age
12:56 Horse Collar
13:12 Gold Mining
14:25 Stone Mining
17:25 Fervor
20:34 Heavy Plow
20:54 Bow Saw
26:59 Wheelbarrow
27:10 Thumb Ring
32:01 Imperial Age
29:32 Fletching
Connection lost

Rejoining the realm…

Still unreachable

The connection could not be restored.

Session expired

The server has moved on; the page needs a fresh start.